PA
DELAWARE 1787 BC @ SOUTH BEACH BLAZE
08/23/2034
 
TOP OF THE 1ST
Delaware 1787 BC batting - Pitching for South Beach Blaze : LHP Pavle Simic
Pitching: LHP Pavle Simic
Batting: RHB Román Ramírez 0-0: Ball
1-0: Called Strike
1-1: Ball
2-1: Called Strike
2-2: Ground out 6-3 (Groundball, 56D)
Batting: RHB Claxton Derringer 0-0: Called Strike
0-1: Ball
1-1: Foul Ball, location: 2F
1-2: Strikes out swinging
Batting: RHB Zacarías Salazar 0-0: Foul Ball, location: 2F
0-1: Ball
1-1: Called Strike
1-2: Foul Ball, location: 2F
1-2: Ball
2-2: Strikes out swinging
Top of the 1st over - 0 runs, 0 hits, 0 errors, 0 left on base; Delaware 0 - South Beach 0
BOTTOM OF THE 1ST
South Beach Blaze batting - Pitching for Delaware 1787 BC : LHP Jimmy Pineda
Pitching: LHP Jimmy Pineda
Batting: RHB Maxence Sultanbekov 0-0: Ground out U3 (Groundball, 34)
Batting: LHB Lewis Blankenship 0-0: SINGLE (Line Drive, 34D)
Batting: SHB Eisse van Opdorp 0-0: Foul Ball, location: 2F
0-1: Swinging Strike
0-2: Ball
1-2: Ball
2-2: Foul Ball, location: 2F
2-2: Foul Ball, location: 2F
2-2: Strikes out looking
Batting: RHB Dave Broom 0-0: Ground out 1-3 (Groundball, P)
Bottom of the 1st over - 0 runs, 1 hit, 0 errors, 1 left on base; Delaware 0 - South Beach 0
TOP OF THE 2ND
Delaware 1787 BC batting - Pitching for South Beach Blaze : LHP Pavle Simic
Batting: RHB Gerold Olthof 0-0: Called Strike
0-1: Foul Ball, location: 2F
0-2: SINGLE (Line Drive, 9LS)
Batting: LHB Lucas Hancox 0-0: Called Strike
0-1: Foul Ball, location: 2F
0-2: Ball
1-2: Foul Ball, location: 2F
1-2: Ball
2-2: Fly out, F9 (Flyball, 9)
Batting: RHB Tomás Flores 0-0: Foul Ball, location: 2F
0-1: Ball
1-1: Swinging Strike
1-2: Strikes out looking
Batting: RHB Anass Balfakir 0-0: Ball
1-0: Called Strike
1-1: Foul Ball, location: 2F
1-2: Fly out, F7 (Flyball, 7LS)
Top of the 2nd over - 0 runs, 1 hit, 0 errors, 1 left on base; Delaware 0 - South Beach 0
BOTTOM OF THE 2ND
South Beach Blaze batting - Pitching for Delaware 1787 BC : LHP Jimmy Pineda
Batting: RHB Mark Patterson 0-0: Ball
1-0: Ground out 6-3 (Groundball, 6S)
Batting: LHB Javier López 0-0: Called Strike
0-1: Foul Ball, location: 2F
0-2: Ball
1-2: Foul Ball, location: 2F
1-2: Strikes out looking
Batting: LHB Tomislav Jovovich 0-0: Ball
1-0: Fly out, F9 (Line Drive, 9D)
Bottom of the 2nd over - 0 runs, 0 hits, 0 errors, 0 left on base; Delaware 0 - South Beach 0
TOP OF THE 3RD
Delaware 1787 BC batting - Pitching for South Beach Blaze : LHP Pavle Simic
Batting: LHB Michael Simmons 0-0: Called Strike
0-1: Swinging Strike
0-2: Foul Ball, location: 2F
0-2: Foul Ball, location: 2F
0-2: Ball
1-2: Ball
2-2: Ground out 6-3 (Groundball, 6)
Batting: RHB Pelanekelina Kalika 0-0: Ground out 5-3 (Groundball, 56)
Batting: RHB Román Ramírez 0-0: Ball
1-0: Foul Ball, location: 2F
1-1: Ball
2-1: Called Strike
2-2: Ground out 6-3 (Groundball, 6M)
Top of the 3rd over - 0 runs, 0 hits, 0 errors, 0 left on base; Delaware 0 - South Beach 0
BOTTOM OF THE 3RD
South Beach Blaze batting - Pitching for Delaware 1787 BC : LHP Jimmy Pineda
Batting: RHB Mikael Evangjeli 0-0: Called Strike
0-1: Ball
1-1: Swinging Strike
1-2: Ball
2-2: Ball
3-2: Base on Balls
Batting: SHB Noah Martone 0-0: Ball
1-0: Swinging Strike
1-1: Fly out, F9 (Flyball, 9LD)
Batting: RHB Maxence Sultanbekov 0-0: Ball
1-0: Ball
2-0: Foul Ball, location: 2F
2-1: Reached on error, E1 (Groundball, 13S)
Mikael Evangjeli to second
Batting: LHB Lewis Blankenship 0-0: Reached via error on a dropped throw, E6
Mikael Evangjeli to third
Maxence Sultanbekov to second
Batting: SHB Eisse van Opdorp 0-0: Called Strike
0-1: Ball
1-1: Called Strike
1-2: Foul Ball, location: 2F
1-2: Foul Ball, location: 2F
1-2: Ball
2-2: Foul Ball, location: 2F
2-2: Ball
3-2: TRIPLE (Flyball, 8LXD)
Mikael Evangjeli scores
Maxence Sultanbekov scores
Lewis Blankenship scores
Batting: RHB Dave Broom 0-0: Called Strike
0-1: Foul Ball, location: 2F
0-2: Foul Ball, location: 2F
0-2: Fly out, F4 (Line Drive, 4S)
Batting: RHB Mark Patterson 0-0: Ball
1-0: Ball
2-0: Foul Ball, location: 2F
2-1: Foul Ball, location: 2F
2-2: Ball
3-2: SINGLE (Flyball, 9S)
Eisse van Opdorp scores
Batting: LHB Javier López Pickoff Throw to First - Error! E1
Mark Patterson to second
0-0: Ball
1-0: Called Strike
1-1: Fly out, F7 (Line Drive, 78M)
Bottom of the 3rd over - 4 runs, 2 hits, 3 errors, 1 left on base; Delaware 0 - South Beach 4
TOP OF THE 4TH
Delaware 1787 BC batting - Pitching for South Beach Blaze : LHP Pavle Simic
Batting: RHB Claxton Derringer 0-0: Swinging Strike
0-1: Foul Ball, location: 2F
0-2: Ball
1-2: Ball
2-2: Foul Ball, location: 2F
2-2: Foul Ball, location: 2F
2-2: Ball
3-2: Fly out, F7 (Line Drive, 78D)
Batting: RHB Zacarías Salazar 0-0: Foul Ball, location: 2F
0-1: Foul Ball, location: 2F
0-2: Fly out, F9 (Flyball, 9S)
Batting: RHB Gerold Olthof 0-0: Ball
1-0: Ball
2-0: Foul Ball, location: 2F
2-1: Foul Ball, location: 2F
2-2: Ball
3-2: Foul Ball, location: 2F
3-2: Base on Balls
Batting: LHB Lucas Hancox 0-0: SINGLE (Groundball, 34D)
Gerold Olthof to second
Runner from 2nd tries for 3rd, SAFE, throw made to third
Batting: RHB Tomás Flores 0-0: Called Strike
0-1: Ball
1-1: Ball
2-1: Foul Ball, location: 2F
2-2: Ball
3-2: Strikes out swinging
Top of the 4th over - 0 runs, 1 hit, 0 errors, 2 left on base; Delaware 0 - South Beach 4
BOTTOM OF THE 4TH
South Beach Blaze batting - Pitching for Delaware 1787 BC : LHP Jimmy Pineda
Batting: LHB Tomislav Jovovich 0-0: Called Strike
0-1: Ground out 3-1 (Groundball, 34)
Batting: RHB Mikael Evangjeli 0-0: DOUBLE (Flyball, 78D)
Batting: SHB Noah Martone 0-0: Called Strike
0-1: Ball
1-1: Foul Ball, location: 2F
1-2: Foul Ball, location: 2F
1-2: Strikes out swinging
Batting: RHB Maxence Sultanbekov 0-0: Swinging Strike
0-1: Ball
1-1: Swinging Strike
1-2: Ball
2-2: Ground out 4-3 (Groundball, 4D)
Bottom of the 4th over - 0 runs, 1 hit, 0 errors, 1 left on base; Delaware 0 - South Beach 4
TOP OF THE 5TH
Delaware 1787 BC batting - Pitching for South Beach Blaze : LHP Pavle Simic
Batting: RHB Anass Balfakir 0-0: Ball
1-0: Swinging Strike
1-1: SINGLE (Groundball, 34D)
Batting: LHB Michael Simmons 0-0: Fly out, F8 (Flyball, 89M)
Batting: RHB Pelanekelina Kalika 0-0: Called Strike
0-1: Foul Ball, location: 2F
0-2: Strikes out swinging
Batting: RHB Román Ramírez 0-0: Ball
1-0: Ball
2-0: Ball
3-0: Called Strike
3-1: Base on Balls
Anass Balfakir to second
Batting: RHB Claxton Derringer 0-0: Fly out, F3 (Popup, 23F)
Top of the 5th over - 0 runs, 1 hit, 0 errors, 2 left on base; Delaware 0 - South Beach 4
BOTTOM OF THE 5TH
South Beach Blaze batting - Pitching for Delaware 1787 BC : LHP Jimmy Pineda
Batting: LHB Lewis Blankenship 0-0: Ball
1-0: Swinging Strike
1-1: Foul Ball, location: 2F
1-2: Ball
2-2: Ball
3-2: Strikes out looking
Batting: SHB Eisse van Opdorp 0-0: Called Strike
0-1: Ground out 6-3 (Groundball, 56)
Batting: RHB Dave Broom 0-0: Foul Ball, location: 2F
0-1: Ball
1-1: Called Strike
1-2: Foul Ball, location: 2F
1-2: Hit by Pitch
Batting: RHB Mark Patterson 0-0: Swinging Strike
0-1: Ball
1-1: Called Strike
1-2: Strikes out swinging
Bottom of the 5th over - 0 runs, 0 hits, 0 errors, 1 left on base; Delaware 0 - South Beach 4
TOP OF THE 6TH
Delaware 1787 BC batting - Pitching for South Beach Blaze : LHP Pavle Simic
Batting: RHB Zacarías Salazar 0-0: Called Strike
0-1: Ball
1-1: Ball
2-1: Ball
3-1: Foul Ball, location: 2F
3-2: Foul Ball, location: 2F
3-2: Foul Ball, location: 2F
3-2: Strikes out swinging
Pitching: LHP Unto Leino
Batting: RHB Gerold Olthof 0-0: Called Strike
0-1: Foul Ball, location: 2F
0-2: Ball
1-2: Strikes out swinging
Pitching: LHP Devoid Couch
Batting: LHB Lucas Hancox 0-0: Ball
1-0: Called Strike
1-1: Swinging Strike
1-2: Ball
2-2: Fly out, F9 (Line Drive, 9)
Top of the 6th over - 0 runs, 0 hits, 0 errors, 0 left on base; Delaware 0 - South Beach 4
BOTTOM OF THE 6TH
South Beach Blaze batting - Pitching for Delaware 1787 BC : LHP Jimmy Pineda
Batting: LHB Javier López 0-0: SINGLE (Line Drive, 34D)
Batting: LHB Tomislav Jovovich 0-0: Sac Bunt - play at first, batter OUT! U3
Javier López to second
Batting: RHB Mikael Evangjeli 0-0: Ball
1-0: Ball
2-0: Called Strike
2-1: Ball
3-1: Foul Ball, location: 2F
3-2: Base on Balls
Batting: SHB Noah Martone 0-0: Ball
1-0: Ball
2-0: Called Strike
2-1: Called Strike
2-2: Strikes out looking
Batting: RHB Maxence Sultanbekov 0-0: Swinging Strike
0-1: Called Strike
0-2: Ball
1-2: Foul Ball, location: 2F
1-2: Ball
2-2: DOUBLE (Line Drive, 89D)
Javier López scores
Mikael Evangjeli to third
Runner from 3rd tries for Home, SAFE, no throw
Batting: LHB Lewis Blankenship 0-0: SINGLE (Line Drive, 89S)
Maxence Sultanbekov to third
Runner from 3rd tries for Home, SAFE, throw made home
Batting: SHB Eisse van Opdorp 0-0: Foul Ball, location: 2F
0-1: Ball
1-1: DOUBLE (Groundball, 5L)
Lewis Blankenship to third
Runner from 3rd tries for Home, SAFE, no throw
Batting: RHB Dave Broom 0-0: Called Strike
0-1: Ball
1-1: Ball
2-1: Ball
3-1: SINGLE (Groundball, 56S) (infield hit)
Eisse van Opdorp to third
Batting: RHB Mark Patterson 0-0: Called Strike
0-1: Called Strike
0-2: Ball
1-2: Ball
2-2: Ball
3-2: Foul Ball, location: 2F
3-2: SINGLE (Flyball, 89S)
Eisse van Opdorp scores
Dave Broom to second
Dave Broom to third
Pitching: LHP César Pérez
Batting: LHB Javier López 0-0: Called Strike
Mark Patterson steals 2nd base
0-1: Foul Ball, location: 2F
0-2: Ball
1-2: Foul Ball, location: 2F
1-2: Ball
2-2: Strikes out looking
Bottom of the 6th over - 5 runs, 6 hits, 0 errors, 2 left on base; Delaware 0 - South Beach 9
TOP OF THE 7TH
Delaware 1787 BC batting - Pitching for South Beach Blaze : LHP Devoid Couch
Batting: RHB Tomás Flores 0-0: Ball
1-0: Foul Ball, location: 2F
1-1: Ball
2-1: Swinging Strike
2-2: Ball
3-2: Strikes out swinging
Batting: RHB Anass Balfakir 0-0: Swinging Strike
0-1: Ball
1-1: Ball
2-1: Foul Ball, location: 2F
2-2: Strikes out swinging
Batting: LHB Michael Simmons 0-0: Foul Ball, location: 2F
0-1: Ball
1-1: Ball
2-1: DOUBLE (Line Drive, 9LD)
Batting: RHB Pelanekelina Kalika 0-0: Ball
1-0: Ball
2-0: Called Strike
2-1: Swinging Strike
2-2: Foul Ball, location: 2F
2-2: Strikes out swinging
Top of the 7th over - 0 runs, 1 hit, 0 errors, 1 left on base; Delaware 0 - South Beach 9
BOTTOM OF THE 7TH
South Beach Blaze batting - Pitching for Delaware 1787 BC : LHP César Pérez
Batting: LHB Tomislav Jovovich 0-0: Fly out, F9 (Flyball, 9S)
Batting: RHB Mikael Evangjeli 0-0: Ground out 5-3 (Groundball, 56S)
Batting: SHB Noah Martone 0-0: Called Strike
0-1: Swinging Strike
0-2: Ball
1-2: Ball
2-2: Strikes out swinging
Bottom of the 7th over - 0 runs, 0 hits, 0 errors, 0 left on base; Delaware 0 - South Beach 9
TOP OF THE 8TH
Delaware 1787 BC batting - Pitching for South Beach Blaze : LHP Devoid Couch
Batting: RHB Román Ramírez 0-0: Fly out, F9 (Flyball, 89S)
Batting: RHB Claxton Derringer 0-0: Called Strike
0-1: Foul Ball, location: 2F
0-2: Foul Ball, location: 2F
0-2: Ball
1-2: Fly out, F9 (Line Drive, 89D)
Batting: RHB Zacarías Salazar 0-0: Ball
1-0: Called Strike
1-1: Called Strike
1-2: Strikes out swinging
Top of the 8th over - 0 runs, 0 hits, 0 errors, 0 left on base; Delaware 0 - South Beach 9
BOTTOM OF THE 8TH
South Beach Blaze batting - Pitching for Delaware 1787 BC : LHP César Pérez
Batting: RHB Maxence Sultanbekov 0-0: Foul Ball, location: 2F
0-1: Ball
1-1: Ball
2-1: Ball
3-1: Fly out, F8 (Flyball, 89XD)
Batting: LHB Lewis Blankenship 0-0: Called Strike
0-1: Swinging Strike
0-2: Strikes out swinging
Batting: SHB Eisse van Opdorp 0-0: Foul Ball, location: 2F
0-1: Fly out, F9 (Flyball, 9)
Bottom of the 8th over - 0 runs, 0 hits, 0 errors, 0 left on base; Delaware 0 - South Beach 9
TOP OF THE 9TH
Delaware 1787 BC batting - Pitching for South Beach Blaze : LHP Devoid Couch
Batting: RHB Gerold Olthof 0-0: Called Strike
0-1: Foul Ball, location: 2F
0-2: Ball
1-2: Ball
2-2: Ball
3-2: Ground out 6-3 (Groundball, 6)
Batting: LHB Lucas Hancox 0-0: Swinging Strike
0-1: Fly out, F9 (Flyball, 9D)
Batting: RHB Tomás Flores 0-0: Ball
1-0: Called Strike
1-1: Fly out, F3 (Popup, 3F)
Top of the 9th over - 0 runs, 0 hits, 0 errors, 0 left on base; Delaware 0 - South Beach 9
Friday, March 29th, 2019 - OOTP Baseball 18.8 Build 76